 Dungeon Crawl Stone Soup version 0.28-a0-1395-g4f6bc678fa (webtiles) character file.

Game seed: 2279310070520224505

21 tilp the Chiller (level 2, -2/12 HPs)
             Began as a Felid Ice Elementalist on Jan 4, 2022.
             Killed from afar by Natasha (7 damage)
             ... with a magic dart
             ... on level 2 of the Dungeon.
             The game lasted 00:01:04 (1420 turns).

tilp the Chiller (Felid Ice Elementalist)           Turns: 1420, Time: 00:01:05

Health: -2/12      AC:  1    Str:  4    XL:     2   Next: 65%
Magic:  1/6        EV: 17    Int: 16    God:
Gold:   9          SH:  0    Dex: 16    Spells: 4/5 levels left
                                        Lives:  0   Deaths: 0

rFire   . . .      SeeInvis +   (weapon unavailable)
rCold   . . .      Faith    .   (shield unavailable)
rNeg    . . .      Spirit   .   (armour unavailable)
rPois   .          Reflect  .   (helmet unavailable)
rElec   .          Harm     .   (cloak unavailable)
rCorr   .          Rampage  .   (gloves unavailable)
Will    .....                   (boots unavailable)
Stlth   ++........              (no amulet)
HPRegen 0.04/turn               (no ring)
MPRegen 0.10/turn               (no ring)

@: quick
A: very small, claws 1, fangs 3, see invisible, speed 1, shaggy fur 1, stealthy
paws, no weapons or thrown items, no armour, multi-lived
a: no special abilities


You were on level 2 of the Dungeon.
You visited 1 branch of the dungeon, and saw 2 of its levels.

You collected 9 gold pieces.

Inventory:

Scrolls
 a - 2 scrolls of identify
Potions
 c - 2 potions of heal wounds


   Skills:
 + Level 1.0 Fighting
 - Level 2.6 Dodging
 - Level 2.6 Stealth
 + Level 2.2 Spellcasting
 * Level 4.0 Ice Magic


You had 4 spell levels left.
You knew the following spells:

 Your Spells              Type           Power      Damage    Failure   Level
a - Freeze                Ice            56%        1d7       3%          1

Your spell library contained the following spells:

 Spells                   Type           Power      Damage    Failure   Level
 Frozen Ramparts          Ice            28%        1d4       12%         3
 Ozocubu's Armour         Ice            14%        N/A       12%         3
 Hailstorm                Conj/Ice       8%         3d4       65%         4


Dungeon Overview and Level Annotations

Branches:
Dungeon (2/15)

Altars:

Annotations:
D:2 Natasha


Innate Abilities, Weirdness & Mutations

You have sharp claws.
You have razor-sharp teeth.
You have supernaturally acute eyesight. (SInv)
You cover ground quickly. (Speed+)
You are covered in fur. (AC +1)
Your paws help you pounce on unaware monsters.
You are incapable of wielding weapons or throwing items.
You cannot wear armour.
You gain extra lives every three experience levels.


Message History

The bat closely misses you. The bat barely misses you. x2
Unknown command.
Casting: Freeze (safe; 3% risk of failure)
Confirm with . or Enter, or press ? or * to list all spells.
Aiming: Freeze (safe; 3% risk of failure)
Press: ? - help, Shift-Dir - straight line, f/p - bat
Aim: a bat (moderately wounded)
You freeze the bat.
You kill the bat!
Unknown command.
Casting: Freeze (safe; 3% risk of failure)
Confirm with . or Enter, or press ? or * to list all spells.
Aiming: Freeze (safe; 3% risk of failure)
Press: ? - help, Shift-Dir - straight line, f - Natasha
Aim: Natasha You freeze Natasha.
Natasha is lightly wounded.
Natasha claws you.
Unknown command.
Casting: Freeze (safe; 3% risk of failure)
Confirm with . or Enter, or press ? or * to list all spells.
Aiming: Freeze (safe; 3% risk of failure)
Press: ? - help, Shift-Dir - straight line, f/p - Natasha
Aim: Natasha (lightly wounded)
You freeze Natasha.
Natasha is lightly wounded.
Natasha howls an incantation.
You feel disoriented. Natasha claws you.
Casting: Freeze (safe; 3% risk of failure)
Confirm with . or Enter, or press ? or * to list all spells.
Aiming: Freeze (safe; 3% risk of failure)
Press: ? - help, Shift-Dir - straight line, f/p - Natasha
Aim: Natasha (lightly wounded)
You freeze Natasha.
Natasha is moderately wounded.
Natasha stares at you and mumbles some strange words.
The magic dart hits you!
Ouch! That really hurt!
You die...

#.........#
#.........#
#.........#
###.........#
............#
###.........#
#####5#####
#h#.(.#
#@#.#.#
#.#.#.#
#.#.#.#
#.#<#.#
#.###.#
#.....#
#######


You could see Natasha and a white imp (summoned).

Vanquished Creatures
  2 dart slugs (D:1)
  A giant cockroach (D:1)
  2 goblins (D:1)
  3 jackals (D:1)
  2 kobolds (D:1)
  2 ball pythons (D:1)
  3 bats
  2 rats (D:1)
17 creatures vanquished.

Notes
Turn   | Place    | Note
-------+----------+-------------------------------------------
     0 | D:1      | tilp the Felid Ice Elementalist began the quest for the
                  | Orb.
     0 | D:1      | Reached XP level 1. HP: 7/7 MP: 4/4
   309 | D:1      | Reached XP level 2. HP: 8/12 MP: 1/6
   855 | D:1      | Reached skill level 4 in Ice Magic
   929 | D:1      | Reached skill level 1 in Fighting
  1402 | D:2      | Noticed Natasha
  1420 | D:2      | Killed from afar by Natasha

Illustrated notes

Levels and vault maps discovered:
D:1:      onia_arrival_pyramid, layout_basic
D:2:      layout_basic, basic_ecumenical_altar, minivault_19, uniq_natasha,
          uniq_terence

Skill      XL: |  1  2 |
---------------+-------+-----
Ice Magic      | 4 |  4.0
Fighting       | 1 |  1.0
Dodging        | |  2.6
Stealth        | |  2.6
Spellcasting   | |  2.2

Action                   || total
-------------------------++-------
Melee: Unarmed           ||    11
 Cast: Freeze            ||    25
  Use: Scroll            ||     4
 Stab: Sleeping          ||     3
Armor: Skin              ||     3
Dodge: Dodged            ||    25

Table legend: (Time is in decaauts)
 A = Elapsed time spent in this place.
 B = Non-inter-level travel time spent in this place.
 C = Inter-level travel time spent in this place.
 D = Time resting spent in this place.
 E = Time spent auto-exploring this place.
 F = Levels seen in this place.
 G = Mean time per level.
                   A        B        C        D        E       F      G
               +--------+--------+--------+--------+--------+-----+--------+
         Total |   1308 |   1292 |     16 |    269 |    903 |   2 |  654.0 |
       Dungeon |   1308 |   1292 |     16 |    269 |    903 |   2 |  654.0 |
               +--------+--------+--------+--------+--------+-----+--------+

Top non-repeatable levels by time:
     D:1: 1275 daAuts
     D:2: 33 daAuts
